 Dungeon Crawl Stone Soup version 0.28-a0-919-g0b5b508569 (webtiles) character file.

Game seed: 5738429511559126503

29 timneilson the Shield-Bearer (level 3, -3/23 HPs)
             Began as a Gargoyle Fighter on Nov 25, 2021.
             Slain by an iguana (4 damage)
             ... on level 2 of the Dungeon.
             The game lasted 00:01:15 (1129 turns).

timneilson the Shield-Bearer (Gargoyle Fighter)     Turns: 1129, Time: 00:01:16

Health: -3/23      AC: 10    Str: 22    XL:     3   Next: 16%
Magic:  3/3        EV:  9    Int:  8    God:
Gold:   49         SH:  4    Dex:  9    Spells: 2/2 levels left

rFire   . . .      SeeInvis .   a - +0 long sword
rCold   . . .      Faith    .   c - +0 buckler
rNeg    + . .      Spirit   .   b - +0 scale mail
rPois   ∞          Reflect  .   (no helmet)
rElec   +          Harm     .   (no cloak)
rCorr   .          Rampage  .   (no gloves)
Will    .....                   (no boots)
Stlth   ..........              (no amulet)
HPRegen 0.07/turn               (no ring)
MPRegen 0.08/turn               (no ring)

@: flying
A: sickness immunity, AC +3, negative energy resistance 1, electricity
resistance, torment resistance 1, petrification resistance, big wings, hooves 1,
strong 1, evolution 1
a: no special abilities


You were on level 2 of the Dungeon.
You visited 1 branch of the dungeon, and saw 2 of its levels.

You collected 49 gold pieces.

Inventory:

Hand Weapons
 a - a +0 long sword (weapon)
Armour
 b - a +0 scale mail (worn)
 c - a +0 buckler (worn)
Potions
 d - a potion of might
 g - 3 potions of attraction


   Skills:
 + Level 3.5 Fighting
 * Level 2.1 Long Blades
 * Level 3.6 Armour
 + Level 0.3 Dodging
 * Level 3.7 Shields


You had 2 spell levels left.
You didn't know any spells.
Your spell library contained the following spells:

 Spells                   Type           Power      Damage    Failure   Level
 Gell's Gravitas          Tloc           0%         N/A       98%         3
 Lesser Beckoning         Tloc           0%         N/A       98%         3
 Teleport Other           Tloc           0%         N/A       98%         3


Dungeon Overview and Level Annotations

Branches:
Dungeon (2/15)

Altars:


Innate Abilities, Weirdness & Mutations

You are immune to sickness and miasma.
Your stone body is resilient. (AC +3)
You are immune to poison.
You resist negative energy. (rN+)
You are resistant to electric shocks. (rElec)
You are resistant to unholy torment.
You are immune to petrification.
Your large and strong wings let you fly.
You have large cloven feet.
Your muscles are strong. (Str +2)
You have hidden genetic potential.


Message History

You are too injured to fight recklessly!
You are too injured to fight recklessly!
You are too injured to fight recklessly!
Unknown command.
The bat hits you but does no damage. The iguana misses you.
The bat closely misses you. x2
The bat hits you but does no damage. The bat hits you.
The bat closely misses you. The bat hits you.
The bat hits you but does no damage. The bat hits you but does no damage.
The bat hits you but does no damage.
It was a potion of mutation.
You feel extremely strange.
Your feet thicken and deform.
Your wings grow larger and stronger.
You feel stronger.
You feel a hidden potential growing inside you.
Unknown command.
You closely miss the iguana. Your kick misses the iguana.
The iguana barely misses you.
You barely miss the iguana. You kick the iguana, but do no damage.
The iguana bites you but does no damage.
You barely miss the iguana. The iguana barely misses you. x2
You closely miss the iguana. The iguana bites you.
You closely miss the iguana. You kick the iguana, but do no damage.
You block the iguana's attack.
You hit the iguana. You kick the iguana.
The iguana is heavily wounded.
The iguana bites you.
* * * LOW HITPOINT WARNING * * *
The iguana misses you.
You closely miss the iguana. You kick the iguana, but do no damage.
The iguana is heavily wounded.
You block the iguana's attack.
You barely miss the iguana. You kick the iguana.
The iguana is severely wounded.
The iguana barely misses you.
You closely miss the iguana. You kick the iguana.
The iguana is severely wounded.
The iguana bites you.
You die...

.... ..### ....##.## ....##
#...# ##.......# ......
#...#####........# ......
#...#..).........#
......###...#.#...........
..........)................#
.#..####....b...##.........#
##........###l#####.........#
#...####..###@#.............#
#.....###†......###.........#
.......<.†....### #.........#
........####...# #.........#
.<......# ....# #.........#
......... .##..# ........# #
#..# ........# #... ........#


You could see an iguana and a bat.

Vanquished Creatures
  3 endoplasms (D:1)
  A giant cockroach (D:1)
  3 goblins
  3 hobgoblins
  3 jackals (D:1)
  A kobold (D:1)
  A quokka (D:1)
  2 ball pythons (D:1)
  4 bats
  4 rats (D:1)
25 creatures vanquished.

Notes
Turn   | Place    | Note
-------+----------+-------------------------------------------
     0 | D:1      | timneilson the Gargoyle Fighter began the quest for the
                  | Orb.
     0 | D:1      | Reached XP level 1. HP: 14/14 MP: 1/1
   276 | D:1      | Reached XP level 2. HP: 19/19 MP: 2/2
   797 | D:1      | Reached XP level 3. HP: 23/23 MP: 3/3
  1120 | D:2      | Gained mutation: You have large cloven feet. [potion of
                  | mutation]
  1120 | D:2      | Gained mutation: Your large and strong wings let you fly.
                  | [potion of mutation]
  1120 | D:2      | Gained mutation: Your muscles are strong. (Str +2) [potion
                  | of mutation]
  1120 | D:2      | Gained mutation: You have hidden genetic potential. [potion
                  | of mutation]
  1126 | D:2      | HP: 1/23 [iguana (6)]
  1129 | D:2      | Slain by an iguana

Illustrated notes

Levels and vault maps discovered:
D:1:      eino_arrival_cavern_e, layout_loops_corners
D:2:      layout_rooms, hellmonk_ecumenical_altar_leap_of_faith

Skill      XL: |  1  2 |
---------------+-------+-----
Long Blades    | 2 |  2.1
Fighting       | |  3.5
Armour         | |  3.6
Dodging        | |  0.3
Shields        | |  3.7

Action                   || total
-------------------------++-------
Melee: Long sword        ||    95
       Kick              ||     6
  Use: Scroll            ||     1
       Potion            ||     1
Armor: Scale mail        ||    62
Dodge: Dodged            ||    59
Block: Buckler           ||    32

Table legend: (Time is in decaauts)
 A = Elapsed time spent in this place.
 B = Non-inter-level travel time spent in this place.
 C = Inter-level travel time spent in this place.
 D = Time resting spent in this place.
 E = Time spent auto-exploring this place.
 F = Levels seen in this place.
 G = Mean time per level.
                   A        B        C        D        E       F      G
               +--------+--------+--------+--------+--------+-----+--------+
         Total |   1157 |   1125 |     32 |      0 |    925 |   2 |  578.5 |
       Dungeon |   1157 |   1125 |     32 |      0 |    925 |   2 |  578.5 |
               +--------+--------+--------+--------+--------+-----+--------+

Top non-repeatable levels by time:
     D:1: 1083 daAuts
     D:2: 73 daAuts
